 Dungeon Crawl Stone Soup version 0.30-a0-457-g4b7bca3bfa (webtiles) character file.

Game seed: 2125642595372374705

2276 jlumianski the Chopper (level 9, -6/70 HPs)
             Began as a Demonspawn Fighter on Dec 13, 2022.
             Was a Follower of Okawaru.
             Mangled by an orc warrior
             ... wielding a +0 broad axe
              (16 damage)
             ... in a bailey.
             The game lasted 00:31:00 (5331 turns).

jlumianski the Chopper (Demonspawn Fighter)         Turns: 5331, Time: 00:31:01

Health: -6/70      AC: 12    Str: 19 (21) XL:     9   Next: 16%
Magic:  10/11      EV: 10    Int: 10      God:    Okawaru [*.....]
Gold:   359        SH:  6    Dex: 12      Spells: 8/8 levels left

rFire   + . .      SeeInvis .    y - +1 broad axe
rCold   . . .      Faith    .    c - +1 buckler
rNeg    . . .      Spirit   .    A - +4 scale mail {rF+}
rPois   .          Reflect  .    (no helmet)
rElec   .          Harm     .    (no cloak)
rCorr   +          Rampage  .    (no gloves)
Will    .....                    (no boots)
Stlth   ..........               t - amulet of regeneration
HPRegen 1.11/turn                (no ring)
MPRegen 0.12/turn                (no ring)

@: on berserk cooldown, slowed, very slow
A: yellow scales 3, talons 2, deformed body
a: Renounce Religion, Heroism


You were in a bailey.
You worshipped Okawaru.
Okawaru was aware of your devotion.
You visited 2 branches of the dungeon, and saw 8 of its levels.
You also visited: Bailey.

You collected 359 gold pieces.

Inventory:

Hand Weapons
 a - a +0 war axe
 s - the +3 dagger "Fudirr" {vamp, rElec}
   (You found it on level 5 of the Dungeon)

   It occasionally heals its wielder for a portion of the damage dealt when it
   wounds a living foe.
   rElec:     It insulates you from electricity.
 y - a +1 broad axe (weapon)
Missiles
 f - 2 poisoned darts (quivered)
 j - 10 boomerangs
 k - 2 throwing nets
 n - 5 boomerangs of dispersal
Armour
 b - a +0 scale mail
 c - a +1 buckler (worn)
 w - a +0 chain mail
 A - a +4 scale mail of fire resistance (worn)
Jewellery
 m - a ring of positive energy
 t - an amulet of regeneration (around neck)
Wands
 l - a wand of light (11)
 x - a wand of iceblast (16)
 D - a wand of flame (23)
Scrolls
 q - a scroll of enchant armour
 B - 2 scrolls of identify
Potions
 d - a potion of might
 e - 2 potions of brilliance
 g - a potion of resistance
 h - a potion of curing
 i - 4 potions of heal wounds
 o - a potion of mutation
 r - a potion of lignification
 u - a potion of magic
 v - a potion of degeneration
 z - a potion of flight
 C - a potion of attraction {unknown}


   Skills:
 * Level 6.3 Fighting
 + Level 6.7 Axes
 + Level 0.8 Throwing
 + Level 4.7 Armour
 + Level 2.0 Dodging
 + Level 1.1 Stealth
 * Level 5.1 Shields
 * Level 3.0 Invocations
 * Level 2.3 Evocations


You had 8 spell levels left.
You didn't know any spells.
Your spell library contained the following spells:

 Spells                   Type           Power      Damage    Failure   Level
 Ensorcelled Hibernation  Hex/Ice        0%         N/A       91%         2
 Dazzling Flash           Conj/Hex       0%         N/A       99%         3
 Hailstorm                Conj/Ice       0%         3d3       99%         3
 Spider Form              Tmut/Pois      0%         N/A       99%         3
 Anguish                  Hex/Necr       0%         N/A       100%        4
 Ice Form                 Ice/Tmut       0%         N/A       100%        4
 Iskenderun's Mystic Bla  Conj/Tloc      0%         2d3       100%        4
 Starburst                Conj/Fire      0%         6d3       100%        6
 Simulacrum               Ice/Necr       Unusable   N/A       N/A         6

Dungeon Overview and Level Annotations

Branches:
Dungeon (7/15)             Temple (1/1) D:6          Bailey (1/1)

Altars:
Dithmenos
Fedhas
Gozag
Hepliaklqana
Kikubaaqudgha
Okawaru
Trog
Vehumet


Innate Abilities, Weirdness & Mutations

You are completely covered in yellow scales. (AC +4, rCorr)
You have razor-sharp toenails.
Armour fits poorly on your strangely shaped body.


Message History

* * * LOW HITPOINT WARNING * * *
You slash the orc knight!
You kill the orc knight!
Okawaru is honoured by your kill.
You can now gain great but temporary skills.
You feel your dexterity returning.
Your Stealth skill increases to level 1!
Your Shields skill increases to level 5!
Your Invocations skill increases to level 3!
Your Evocations skill increases to level 2!
You have reached level 9!
Your experience leads to an increase in your attributes!
Your base attributes are Str 19, Int 10, Dex 12.
Increase (S)trength, (I)ntelligence, or (D)exterity?
You feel stronger. x2; Your demonic ancestry asserts itself...
Yellow scales cover your body completely.
Unknown command.
You feel a strong urge to attack something.
You are no longer berserk.
You are exhausted.
You feel yourself slow down.
An orc warrior comes into view. It is wielding a +0 broad axe.
Items here: ( ) [ ††.
j - 10 boomerangs (gained 2)
The orc warrior shouts!
You hear a shout!
Throw: 3 darts (poison)
Press: ? - help, Q - select action, (/) - cycle Shift-Dir - straight line, f - orc warrior
Aim: an orc warrior, wielding a +0 broad axe and wearing a +0 scale mail (53% to hit)
You throw a poisoned dart. The poisoned dart hits the orc warrior.
The orc warrior is poisoned.
You miss the orc warrior. You claw the orc warrior.
The orc warrior is lightly wounded.
The orc warrior hits you with a +0 broad axe!
* * * LOW HITPOINT WARNING * * *
The orc warrior hits you but does no damage.
You closely miss the orc warrior. Your kick misses the orc warrior.
The orc warrior is moderately wounded.
The orc warrior closely misses you.
The orc warrior hits you with a +0 broad axe!
You die...

#~.........~#
#~....∩....~#
##.........##
#~..8...8..~# ###
#~.........~# ###
##...#~|?8o..8?}~#...##
##....##~~#####~~##....#
#......####.)†####......
.......(o@)).(...(......
..8..8.....(....)..8..8.
.........).....(........
#..........))...........
##...8...##('(##...8...#
##.....##()...##.....##
##...##..(....##...##
#####.........#####
≈≈≈≈....∩....≈≈≈


You could see an orc warlord and an orc warrior (poisoned).

Vanquished Creatures
  An orc knight (Bailey)
  Duvessa (D:6)
  A water moccasin (D:6)
  2 ice beasts
  2 sky beasts (D:6)
  2 ogres
  3 phantoms
  A necrophage (D:5)
  A gnoll sergeant (D:6)
  A scorpion (D:6)
  Dowan (D:6)
  A howler monkey (D:6)
  5 jellies
  An orc priest (D:5)
  A hound (D:5)
  An iguana (D:4)
  9 gnolls
  11 adders
  A shadow imp (D:5)
  A white imp (D:6)
  An adder skeleton (D:2)
  3 worms
  3 dart slugs (D:1)
  9 orcs
  5 bats
  9 endoplasms
  3 giant cockroaches
  12 goblins
  10 hobgoblins
  5 jackals
  18 kobolds
  6 quokkas
  8 ball pythons
  A ball python zombie (D:2)
  5 frilled lizards
  A jackal skeleton (D:2)
  A quokka zombie (D:2)
  5 rats
152 creatures vanquished.

Vanquished Creatures (others)
  2 withered plants (D:2)
2 creatures vanquished.

Grand Total: 154 creatures vanquished

Notes
Turn   | Place    | Note
-------+----------+-------------------------------------------
     0 | D:1      | jlumianski the Demonspawn Fighter began the quest for the
                  | Orb.
     0 | D:1      | Reached XP level 1. HP: 18/18 MP: 1/1
   114 | D:1      | Gained mutation: You are partially covered in yellow
                  | scales. (AC +2) [demonic ancestry]
   114 | D:1      | Reached XP level 2. HP: 19/24 MP: 2/2
   465 | D:1      | Reached XP level 3. HP: 27/29 MP: 3/3
  1219 | D:2      | Gained mutation: You are mostly covered in yellow scales.
                  | (AC +3) [demonic ancestry]
  1219 | D:2      | Reached XP level 4. HP: 30/35 MP: 4/4
  1323 | D:2      | Identified the +1 leather armour of the Slightly Bent {Harm
                  | Will+ Str+3 Int-3}
  2192 | D:3      | Reached XP level 5. HP: 41/41 MP: 5/5
  2300 | D:3      | Noticed a phantom
  2330 | D:3      | Killed a phantom
  2771 | D:3      | Gained mutation: You have sharp toenails. [potion of
                  | mutation]
  2771 | D:3      | Gained mutation: Armour fits poorly on your strangely
                  | shaped body. [potion of mutation]
  2771 | D:3      | Gained mutation: You have razor-sharp toenails. [potion of
                  | mutation]
  2884 | D:5      | Entered Level 5 of the Dungeon
  2893 | D:4      | Reached XP level 6. HP: 48/48 MP: 6/6
  3116 | D:5      | Found a blossoming altar of Fedhas.
  3116 | D:5      | Found an ancient bone altar of Kikubaaqudgha.
  3147 | D:5      | Reached skill level 1 in Dodging
  3379 | D:4      | Reached XP level 7. HP: 55/55 MP: 7/7
  3742 | D:6      | Noticed Duvessa
  3745 | D:6      | Noticed Dowan
  3892 | D:5      | Reached skill level 5 in Fighting
  3915 | D:5      | Reached skill level 5 in Axes
  4032 | D:5      | Identified the +3 dagger "Fudirr" {vamp, rElec}
  4399 | D:6      | Reached XP level 8. HP: 47/63 MP: 8/8
  4466 | D:6      | Found a staircase to the Ecumenical Temple.
  4481 | Temple   | Entered the Ecumenical Temple
  4632 | Temple   | Became a worshipper of Warmaster Okawaru
  4764 | D:6      | Reached skill level 1 in Invocations
  4812 | D:6      | Killed Duvessa
  4813 | D:6      | Reached skill level 1 in Evocations
  4829 | D:6      | Killed Dowan
  5176 | D:7      | Found a flagged portal.
  5189 | Bailey   | Entered a bailey
  5204 | Bailey   | Noticed an orc warlord
  5300 | Bailey   | Noticed an orc knight
  5321 | Bailey   | Killed an orc knight
  5321 | Bailey   | Reached * piety under Okawaru
  5322 | Bailey   | Reached skill level 1 in Stealth
  5322 | Bailey   | Reached skill level 5 in Shields
  5322 | Bailey   | Gained mutation: You are completely covered in yellow
                  | scales. (AC +4, rCorr) [demonic ancestry]
  5322 | Bailey   | Reached XP level 9. HP: 10/70 MP: 9/11
  5331 | Bailey   | Mangled by an orc warrior

Illustrated notes

Levels and vault maps discovered:
D:1:      moated_graveyard_arrival, layout_basic
D:2:      layout_loops_ring, serial_undead, serial_undead_f, serial_undead_e,
          serial_undead_e, serial_undead_c, minmay_misc_feat_ornament,
          corexii_item_surrounded_by_moat, nicolae_elevator_lobby_plus
D:3:      layout_basic, lemuel_round_altar, minmay_quantized
D:4:      layout_loops_ring
D:5:      layout_rooms, grunt_temple_overflow_growth_and_decay
D:6:      layout_layer_cave, minmay_temple_entry_glass, uniq_duvessa
D:7:      layout_loops_ring, grunt_qazlal_sundering, enter_bailey_2,
          kennysheep_generic_room_4
Temple:   hellmonk_temple_beads
Bailey:   bailey_axe_bossmonster_kennysheep, bailey

Skill      XL: |  1  2  3  4  5  6  7  8 |
---------------+-------------------------+-----
Axes           | 2 3 4 5 6 |  6.7
Shields        | 3 4 5 |  5.1
Armour         | 3 4 |  4.7
Fighting       | 4 5 6 |  6.3
Dodging        | 1 2 |  2.0
Invocations    | 3 |  3.0
Evocations     | 2 |  2.3
Stealth        | 1 |  1.1
Throwing       | |  0.8

Action                   |  1- 3 |  4- 6 |  7- 9 || total
-------------------------+-------+-------+-------++-------
Melee: War axe           |    92 |   194 |       ||   286
       Kick              |       |    20 |    39 ||    59
       Broad axe         |       |     4 |   194 ||   198
Throw: Dart              |     1 |     4 |     9 ||    14
Evoke: Wand              |       |     1 |     2 ||     3
  Use: Potion            |     3 |     2 |     3 ||     8
       Scroll            |       |    11 |     4 ||    15
 Stab: Invisible         |       |       |     2 ||     2
Armor: Scale mail        |    45 |    92 |   112 ||   249
Dodge: Dodged            |    51 |    96 |    79 ||   226
Block: Buckler           |    25 |    46 |    66 ||   137

Table legend: (Time is in decaauts)
 A = Elapsed time spent in this place.
 B = Non-inter-level travel time spent in this place.
 C = Inter-level travel time spent in this place.
 D = Time resting spent in this place.
 E = Time spent auto-exploring this place.
 F = Levels seen in this place.
 G = Mean time per level.
                   A        B        C        D        E       F      G
               +--------+--------+--------+--------+--------+-----+--------+
         Total |   5531 |   5432 |     99 |      0 |   2762 |   9 |  614.6 |
       Dungeon |   5185 |   5086 |     99 |      0 |   2729 |   7 |  740.7 |
        Temple |    189 |    189 |      0 |      0 |     33 |   1 |  189.0 |
        Bailey |    156 |    156 |      0 |      0 |      0 |   1 |  156.0 |
               +--------+--------+--------+--------+--------+-----+--------+

Top non-repeatable levels by time:
     D:1: 1092 daAuts
     D:2: 910 daAuts
     D:3: 874 daAuts
     D:6: 833 daAuts
     D:4: 807 daAuts
     D:5: 587 daAuts
  Temple: 189 daAuts
  Bailey: 156 daAuts
     D:7: 79 daAuts
